 Dungeon Crawl Stone Soup version 0.17.0-23-g0de4337 (console) character file.

29 nht the Cudgeler (level 3, -1/35 HPs)
             Began as an Ogre Enchanter on Nov 14, 2015.
             Slain by Terence
             ... wielding a +0 hand axe
              (3 damage)
             ... on level 1 of the Dungeon.
             The game lasted 00:01:28 (850 turns).

nht the Cudgeler (Ogre Enchanter)                    Turns: 850, Time: 00:01:28

Health: -1/35      AC:  5    Str: 14    XL:     3   Next: 16%
Magic:  6/6        EV: 15    Int: 12    God:
Gold:   43         SH:  0    Dex: 15    Spells: 1 memorised, 5 levels left

rFire  + . .     SeeInvis .     a - +1 dagger
rCold  . . .     Clarity  .     b - +2 robe
rNeg   . . .     SustAt   .     (no shield)
rPois  .         Gourm    .     (helmet restricted)
rElec  .         Spirit   .     (no cloak)
rCorr  .         Warding  .     (gloves unavailable)
rMut   .         Stasis   .     (boots unavailable)
MR     .....                    (no amulet)
Stlth  +++.......               (no ring)
                                (no ring)

@: agile, not resistant to hostile enchantments, fairly stealthy
A: unfitting armour, dopey 1, fire resistance 1, robust 1, tough skin 1
a: no special abilities


You were on level 1 of the Dungeon.
You were not hungry.

You visited 1 branch of the dungeon, and saw 2 of its levels.

You collected 43 gold pieces.

Inventory:

Hand Weapons
 a - a +1 dagger (weapon)
 e - a +0 club
Armour
 b - a +2 robe (worn)
Potions
 i - a potion of agility
Books
 c - a book of Maledictions

   Spells                             Type                      Level
   a - Corona                         Hexes                        1
   b - Ensorcelled Hibernation        Hexes/Ice                    2
   c - Confuse                        Hexes                        3
   d - Tukima's Dance                 Hexes                        3
   e - Dazzling Spray                 Conjuration/Hexes            3
 m - a book of Enchantments

   Spells                             Type                      Level
   a - Cause Fear                     Hexes                        4
   b - Silence                        Hexes/Air                    5
   c - Deflect Missiles               Charms/Air                   6
   d - Haste                          Charms                       6
   e - Discord                        Hexes                        8
Comestibles
 d - 2 bread rations


   Skills:
 - Level 0.6 Fighting
 - Level 0.5 Short Blades
 + Level 3.4 Maces & Flails
 - Level 1.7 Dodging
 - Level 2.4 Stealth
 - Level 2.4 Spellcasting
 - Level 2.1 Hexes


You had 5 spell levels left.
You knew the following spells:

 Your Spells              Type           Power        Failure   Level  Hunger
a - Corona                Hex            #......      12%         1    ##.....


Dungeon Overview and Level Annotations

Branches:
Dungeon (2/15)

Altars:

Annotations:
D:1 Terence


Innate Abilities, Weirdness & Mutations

You are too large for most types of armour.
You have tough skin (AC +1).
You are dopey. (Int -2)
Your flesh is heat resistant.
You are robust (+10% HP).


Message History

Terence hits you with a hand axe.
* * * LOW HITPOINT WARNING * * *
You hit Terence.
Terence is almost dead.
You completely miss Terence.
Terence is almost dead.
Terence barely misses you.
You barely miss Terence.
Terence is almost dead.
Terence barely misses you.
You hit Terence but do no damage.
Terence is almost dead.
Terence hits you but does no damage.
You closely miss Terence.
Terence is almost dead.
Terence misses you.
You completely miss Terence.
Terence is almost dead.
Terence hits you with a hand axe.
You die... ██████ █....█ █.█.██ █.█.█ █████

██████.█.████...███
█@.................
█.@................
█.....██..█.....██.
█.....+......█.███.
█.....██..█..█...█.
█....)██..█..█.█+█.
█.....██..█..██....
██'█.÷....█........
█.█...............
█.█...............
█.█..██...........
█.................


You could see Terence.

Vanquished Creatures
  4 bats
  A giant cockroach (D:1)
  6 hobgoblins
  5 kobolds (D:1)
  A ball python (D:2)
  5 goblins
  3 rats
25 creatures vanquished.

Notes
Turn   | Place    | Note
--------------------------------------------------------------
     0 | D:1      | nht the Ogre Enchanter began the quest for the Orb.
     0 | D:1      | Reached XP level 1. HP: 16/16 MP: 3/3
     0 | D:1      | Noticed a merfolk zombie
     2 | D:1      | Noticed an octopode zombie
     4 | D:1      | Noticed a vine stalker zombie
     5 | D:1      | Noticed a formicid zombie
    10 | D:1      | Noticed a minotaur zombie
    12 | D:1      | Noticed a troll zombie
    12 | D:1      | Noticed a minotaur zombie
    14 | D:1      | Noticed a merfolk zombie
    14 | D:1      | Noticed an elf zombie
    14 | D:1      | Noticed a spriggan zombie
    16 | D:1      | Noticed a draconian zombie
    18 | D:1      | Noticed a spriggan zombie
    22 | D:1      | Noticed a formicid zombie
   133 | D:1      | Reached skill level 1 in Maces & Flails
   238 | D:1      | Reached XP level 2. HP: 17/26 MP: 5/5
   402 | D:1      | Reached skill level 3 in Maces & Flails
   454 | D:1      | Reached XP level 3. HP: 14/32 MP: 6/6
   788 | D:2      | Noticed Terence
   792 | D:2      | Gained mutation: You are dopey. (Int -2) [potion of mutation]
   792 | D:2      | Gained mutation: You are robust (+10% HP). [potion of mutation]
   792 | D:2      | Gained mutation: Your flesh is heat resistant. [potion of mutation]
   850 | D:1      | Slain by Terence

Action                   || total
-------------------------++-------
Melee: Dagger            ||   134
  Use: Scroll            ||     5
       Potion            ||     2
 Stab: Sleeping          ||     2
